 Dungeon Crawl Stone Soup version 0.23.2-1-ga50397a (webtiles) character file.

Game seed: 51891915886095928

108 Folque the Ogre Mage (level 4, -1/44 HPs)
             Began as an Ogre Wizard on May 29, 2019.
             Killed from afar by an orc wizard (6 damage)
             ... with a magic dart
             ... on level 3 of the Dungeon.
             The game lasted 00:09:25 (2586 turns).

Folque the Ogre Mage (Ogre Wizard)                  Turns: 2586, Time: 00:09:25

Health: -1/44      AC:  3    Str: 11    XL:     4   Next: 87%
Magic:  1/10       EV: 10    Int: 20    God:
Gold:   180        SH:  0    Dex:  7    Spells: 3/11 levels left

rFire    . . .     SeeInvis .   h - +2 short sword (protect)
rCold    . . .     Gourm    .   (no shield)
rNeg     . . .     Faith    .   a - +0 robe
rPois    .         Spirit   .   b - +0 hat
rElec    .         Reflect  .   (no cloak)
rCorr    .         Harm     .   (gloves unavailable)
MR       .....                  (boots unavailable)
Stlth    +.........             (no amulet)
HPRegen  0.14/turn              (no ring)
MPRegen  0.12/turn              (no ring)

@: no status effects
A: large, unfitting armour, tough skin 1
a: no special abilities


You were on level 3 of the Dungeon.
You were hungry.

You visited 1 branch of the dungeon, and saw 3 of its levels.

You collected 180 gold pieces.

Inventory:

Hand Weapons
 e - a +0 whip
 g - a +0 mace
 h - a +2 short sword of protection (weapon)
Missiles
 c - 2 poisoned javelins (quivered)
Armour
 a - a +0 robe (worn)
 b - a +0 hat (worn)
Wands
 l - a wand of acid (8)
Scrolls
 j - a scroll of blinking {unknown}
 n - 2 scrolls of identify {unknown}
 o - a scroll of enchant weapon {unknown}
 p - a scroll of fog {unknown}
 q - 3 scrolls of teleportation {unknown}
 r - a scroll of amnesia {unknown}
 s - a scroll of fear {unknown}
 t - a scroll of enchant armour {unknown}
 u - 2 scrolls of remove curse
 w - a scroll of magic mapping {unknown}
Potions
 i - a potion of ambrosia {unknown}
 k - a potion of lignification {unknown}
 m - a potion of curing {unknown}
 v - a potion of magic {unknown}
Comestibles
 d - 4 rations
 f - 2 chunks of flesh


   Skills:
 + Level 2.3 Fighting
 - Level 1.7 Dodging
 - Level 1.4 Stealth
 + Level 4.2 Spellcasting
 * Level 2.9 Conjurations
 - Level 0.8 Summonings
 - Level 0.8 Translocations
 + Level 0.9 Air Magic


You had 3 spell levels left.
You knew the following spells:

 Your Spells              Type           Power        Failure   Level  Hunger
a - Magic Dart            Conj           ###.         3%          1    None
b - Call Imp              Summ           #.......     13%         2    #......
c - Blink                 Tloc           N/A          13%         2    #......
d - Mephitic Cloud        Conj/Pois/Air  #.......     22%         3    ###....

Your spell library contained the following spells:

 Spells                   Type           Power        Failure   Level  Hunger
 Slow                     Hex            #.......     19%         2    #......
 Conjure Flame            Conj/Fire      ##......     21%         3    ###....


Dungeon Overview and Level Annotations

Branches:
Dungeon (3/15)

Altars:


Innate Abilities, Weirdness & Mutations

You are too large for most types of armour.
You have tough skin. (AC +1)


Message History

Press: ? - help, Shift-Dir - straight line, f/p - orc wizard
Aim: an orc wizard, wielding a +0 dagger and wearing a +0 robe (heavily wounded, fast)
The magic dart hits the orc wizard.
The orc wizard is heavily wounded.
The orc wizard hits you with a +0 dagger.
* * * LOW HITPOINT WARNING * * *
The hobgoblin misses you.
Okay, then.
As you read the scroll labeled BIL OWOCUTO, it crumbles to dust.
You feel blessed for a moment.
It was a scroll of remove curse.
The orc wizard closely misses you. The orc wizard completely misses you.
The hobgoblin hits you.
* * * LOW HITPOINT WARNING * * *
The orc wizard points at you and mumbles some strange words.
The magic dart hits you.
* * * LOW HITPOINT WARNING * * *
The hobgoblin barely misses you.
The orc wizard gestures at you while chanting.
The magic dart hits you.
You die...

.........# ########### .........#
#.........#
.........#########...).....#
.........#.......#.........####
.........#.......#.........#..
.........#.......#÷........#[# #?
.........#.......#o..###...#.#...
.÷................og.# ##...))..>
.......[.#......@#..## #....#[#.
......(..#.......#### ###### #
##########......## ..# #......#
..# #......# ..# ###+#### ..#
..... ......


You could see 2 orc wizards and a hobgoblin.

Vanquished Creatures
  A howler monkey zombie (D:2)
  2 adders (D:3)
  An ooze (D:1)
  3 worms (D:2)
  2 dart slugs
  2 leopard geckos (D:1)
  An orc (D:3)
  5 giant cockroaches
  5 goblins
  3 hobgoblins
  3 jackals (D:2)
  A quokka (D:2)
  11 bats
  5 frilled lizards
  8 kobolds
  5 rats
58 creatures vanquished.

Notes
Turn   | Place    | Note
-------+----------+-------------------------------------------
     0 | D:1      | Folque the Ogre Wizard began the quest for the Orb.
     0 | D:1      | Reached XP level 1. HP: 16/16 MP: 5/5
    44 | D:1      | Reached skill level 1 in Conjurations
   231 | D:1      | Reached skill level 1 in Fighting
   231 | D:1      | Reached XP level 2. HP: 27/27 MP: 0/6
   480 | D:2      | HP: 1/27 [jackal (2)]
   934 | D:1      | Reached XP level 3. HP: 33/33 MP: 8/8
  1086 | D:1      | Learned a level 2 spell: Call Imp
  1089 | D:1      | Learned a level 2 spell: Blink
  1093 | D:1      | Learned a level 3 spell: Mephitic Cloud
  1392 | D:2      | Reached skill level 4 in Spellcasting
  1777 | D:2      | Reached XP level 4. HP: 34/42 MP: 8/10
  2586 | D:3      | Killed from afar by an orc wizard

Skill      XL: |  1  2  3  4 |
---------------+-------------+-----
Conjurations   | 1 2 |  2.9
Fighting       | 1 2 |  2.3
Spellcasting   | 4 |  4.2
Dodging        | |  1.7
Stealth        | |  1.4
Summonings     | |  0.8
Translocations | |  0.8
Air Magic      | |  0.9

Action                   |  1- 3 |  4- 6 || total
-------------------------+-------+-------++-------
Melee: Whip              |    25 |       ||    25
       Unarmed           |     2 |       ||     2
       Mace              |    25 |       ||    25
       Short sword       |    98 |    58 ||   156
 Cast: Magic Dart        |    32 |    26 ||    58
  Use: Scroll            |       |     1 ||     1
  Eat: Chunk             |     3 |     2 ||     5
Armor: Robe              |    58 |    38 ||    96
Dodge: Dodged            |    90 |    44 ||   134
